 Dungeon Crawl Stone Soup version 0.31-a0-716-gc7603755dd (webtiles) character file.

Game seed: 2370716949609470202

49 cforsyth the Trooper (level 4, 0/37 HPs)
             Began as a Djinni Chaos Knight on Sept 11, 2023.
             Was a Plaything of Xom.
             Slain by Sigmund
             ... wielding a +0 scythe
              (4 damage)
             ... on level 3 of the Dungeon.
             The game lasted 00:01:37 (1167 turns).

cforsyth the Trooper (Djinni Chaos Knight)          Turns: 1167, Time: 00:01:38

Health: 0/37       AC:  5    Str: 11    XL:     4   Next: 1%
Gold:   98         EV: 11    Int: 15    God:    Xom [..*...] SH:  0 Dex: 13

rFire   + + .        a - +0 falchion (chaos)
rCold   x . .        (no shield)
rNeg    . . .        b - +2 leather armour
rPois   ∞            (no helmet)
rElec   .            (no cloak)
rCorr   .            (no gloves)
SInv    .            (boots unavailable)
Will    .....        (no amulet)
Stlth   +            (no ring)
HPRegen 0.26/turn    (no ring)
MPRegen 0.00/turn

%: infuse magic (-1 HP)
@: flying
A: sickness immunity, fire resistance 2, cold vulnerability 1, float, innate
caster, HP casting, extra vitality 1
a: Renounce Religion


You were on level 3 of the Dungeon.
You worshipped Xom.
You were a toy of Xom.
You visited 1 branch of the dungeon, and saw 3 of its levels.

You collected 98 gold pieces.

Inventory:

Hand Weapons
 a - a +0 falchion of chaos (weapon)
Armour
 b - a +2 leather armour (worn)
Jewellery
 j - a ring of fire
Scrolls
 e - a scroll of immolation {unknown}
 f - a scroll of amnesia {unknown}
 g - a scroll of revelation {unknown}
 i - a scroll of identify {unknown}
Potions
 c - a potion of mutation {unknown}
 d - 3 potions of degeneration {unknown}
 h - 3 potions of curing {unknown}


   Skills:
 + Level 3.8 Fighting
 - Level 2.6 Long Blades
 - Level 1.0 Armour
 - Level 2.1 Dodging
 + Level 1.4 Spellcasting
 + Level 1.4 Conjurations
 + Level 1.4 Hexes
   Level 0.0 Charms
 + Level 1.4 Summonings
 + Level 1.4 Necromancy
 + Level 1.4 Translocations
 + Level 1.4 Transmutations
 + Level 1.4 Fire Magic
 + Level 1.4 Ice Magic
 + Level 1.4 Air Magic
 + Level 1.4 Earth Magic
 + Level 1.4 Poison Magic


You knew the following spells:

 Your Spells              Type           Power      Damage    Failure   Level
a - Summon Small Mammal   Summ           20%        N/A       17%         1
Your spell library was empty.

Dungeon Overview and Level Annotations

Branches:
Dungeon (3/15)

Altars:
Elyvilon

Annotations:
D:3 Sigmund


Innate Abilities, Weirdness & Mutations

You are immune to sickness and miasma.
You are immune to poison.
Your flesh is very heat resistant. (rF++)
You are vulnerable to cold. (rC-)
You float through the air rather than walking.
You learn spells naturally, not from books.
Your magical power is your life essence.
You have superior vitality. (+4 MHP)


Message History

No target in view!
c - a black potion
Things that are here:
a +0 dagger; a +0 sling A rat comes into view.
A rat is nearby!
A rat is nearby!
A rat is nearby!
A giant cockroach comes into view.
You hit the rat. Lightning courses through the rat!
You kill the rat!
You hit the giant cockroach.
You kill the giant cockroach!
You have reached level 4!
You feel agile.
You see here a giant cockroach corpse.
Sigmund the Dreaded comes into view.
He is wielding a +0 scythe.
Sigmund shouts!
Sigmund gestures at you while chanting. The magic dart hits you.
Sigmund is nearby!
Sigmund is nearby!
Sigmund is nearby!
Sigmund mumbles some strange words.
Sigmund flickers and vanishes!
Deactivating autopickup; reactivate with Ctrl-A.
Okay, then.
Unknown command.
Something hits you!
You hit something. You punch something. Something hits you!
You hit something. Something hits you!
* * * LOW HITPOINT WARNING * * *
You hit something.
Nothing appears to happen.
You hear some strange, mumbled words.
A magic dart appears from out of thin air!
The magic dart hits you.
* * * LOW HITPOINT WARNING * * *
You barely miss something. You punch something. Something hits you.
You die... "What!?
That's it?"

.###..... #.........
#........## ###
#......... ..#
#........# #.#
#........# #.#
#........######.#####
#..........†........#
#..{@...######.###.##
######### #.# #.##
#.# #.## #.# #.##
#.###... #.......
########


There were no monsters in sight!

Vanquished Creatures
  A dart slug (D:1)
  5 ball pythons
  6 endoplasms
  3 giant cockroaches
  5 goblins
  5 hobgoblins
  4 jackals (D:2)
  A quokka (D:2)
  2 bats
  A frilled lizard (D:1)
  9 rats
42 creatures vanquished.

Notes
Turn   | Place    | Note
-------+----------+-------------------------------------------
     0 | D:1      | cforsyth the Djinni Chaos Knight began the quest for the
                  | Orb.
     0 | D:1      | Reached XP level 1. HP: 20/20 MP: 0/0
    46 | D:1      | XOM: silly message
    63 | D:1      | XOM: silly message
    90 | D:1      | XOM: potion effect (brilliance)
    94 | D:1      | Reached XP level 2. HP: 25/25 MP: 0/0
   289 | D:1      | Reached skill level 1 in Spellcasting
   289 | D:1      | Reached skill level 1 in Conjurations
   289 | D:1      | Reached skill level 1 in Hexes
   289 | D:1      | Reached skill level 1 in Summonings
   289 | D:1      | Reached skill level 1 in Necromancy
   289 | D:1      | Reached skill level 1 in Translocations
   289 | D:1      | Reached skill level 1 in Transmutations
   289 | D:1      | Reached skill level 1 in Fire Magic
   289 | D:1      | Reached skill level 1 in Ice Magic
   289 | D:1      | Reached skill level 1 in Air Magic
   289 | D:1      | Reached skill level 1 in Earth Magic
   289 | D:1      | Reached skill level 1 in Poison Magic
   390 | D:1      | Reached XP level 3. HP: 28/30 MP: 0/0
   390 | D:1      | Learned a level 1 spell: Summon Small Mammal
   415 | D:1      | XOM: silly message
   570 | D:1      | XOM: divination: magic mapping
   760 | D:1      | XOM: silly message
   831 | D:2      | Found a white marble altar of Elyvilon.
  1014 | D:2      | a worm changed into a steam dragon
  1014 | D:2      | Noticed a steam dragon
  1015 | D:2      | XOM: divination: detect items
  1157 | D:3      | Reached XP level 4. HP: 37/37 MP: 0/0
  1159 | D:3      | Noticed Sigmund
  1167 | D:3      | Slain by Sigmund

Illustrated notes

Levels and vault maps discovered:
D:1:      dpeg_arrival_line_fractal, layout_loops_ring
D:2:      layout_rooms, basic_altar
D:3:      layout_basic, mainiacjoe_overflow_paths, roderic_batcave,
          uniq_sigmund, uniq_robin

Skill      XL: |  1  2 |
---------------+-------+-----
Spellcasting   | 1 |  1.4
Conjurations   | 1 |  1.4
Hexes          | 1 |  1.4
Summonings     | 1 |  1.4
Necromancy     | 1 |  1.4
Translocations | 1 |  1.4
Transmutations | 1 |  1.4
Fire Magic     | 1 |  1.4
Ice Magic      | 1 |  1.4
Air Magic      | 1 |  1.4
Earth Magic    | 1 |  1.4
Poison Magic   | 1 |  1.4
Fighting       | |  3.8
Long Blades    | |  2.6
Armour         | |  1.0
Dodging        | |  2.1

Action                     |  1- 3 |  4- 6 || total
---------------------------+-------+-------++-------
  Melee: Falchion          |   117 |     4 ||   121
         Punch             |     3 |     2 ||     5
    Use: Scroll            |     1 |       ||     1
 Armour: Leather armour    |    95 |     6 ||   101
  Dodge: Dodged            |    69 |       ||    69

Table legend: (Time is in decaauts)
 A = Elapsed time spent in this place.
 B = Non-inter-level travel time spent in this place.
 C = Inter-level travel time spent in this place.
 D = Time resting spent in this place.
 E = Time spent auto-exploring this place.
 F = Levels seen in this place.
 G = Mean time per level.
                   A        B        C        D        E       F      G
               +--------+--------+--------+--------+--------+-----+--------+
         Total |   1186 |   1165 |     21 |      0 |    896 |   3 |  395.3 |
       Dungeon |   1186 |   1165 |     21 |      0 |    896 |   3 |  395.3 |
               +--------+--------+--------+--------+--------+-----+--------+

Top non-repeatable levels by time:
     D:1: 841 daAuts
     D:2: 209 daAuts
     D:3: 135 daAuts
